 Dungeon Crawl Stone Soup version 0.24.1-8-ga250c9d538 (webtiles) character file.

Game seed: 6013475299746672089, levelgen mode: deterministic

156 Peloso the Ducker (level 5, -1/52 HPs)
             Began as a Troll Fighter on May 4, 2020.
             Slain by Grinder (4 damage)
             ... on level 3 of the Dungeon.
             The game lasted 00:04:20 (1529 turns).

Peloso the Ducker (Troll Fighter)                   Turns: 1529, Time: 00:04:21

Health: -1/52      AC:  6    Str: 24    XL:     5   Next: 14%
Magic:  4/4        EV:  9    Int:  4    God:
Gold:   160        SH:  9    Dex: 10    Spells: 4/4 levels left

rFire    . . .     SeeInvis .   a - +0 long sword
rCold    . . .     Gourm    +   c - +0 shield
rNeg     . . .     Faith    .   b - +0 robe
rPois    .         Spirit   .   (helmet restricted)
rElec    .         Reflect  .   (no cloak)
rCorr    .         Harm     .   (gloves unavailable)
MR       .....                  (boots unavailable)
Stlth    +.........             (no amulet)
HPRegen  0.57/turn              (no ring)
MPRegen  0.09/turn              (no ring)

@: no status effects
A: large, unfitting armour, claws 3, fast metabolism 3, gourmand, regeneration
1, shaggy fur 1, tough skin 3
a: no special abilities


You were on level 3 of the Dungeon.
You were not hungry.

You visited 1 branch of the dungeon, and saw 3 of its levels.

You collected 160 gold pieces.

Inventory:

Hand Weapons
 a - a +0 long sword (weapon)
Armour
 b - a +0 robe (worn)
 c - a +0 shield (worn)
Scrolls
 e - a scroll of noise {unknown}
 g - 6 scrolls of identify {unknown}
 h - 3 scrolls of remove curse {unknown}
 j - a scroll of fear {unknown}
 k - a scroll of teleportation {unknown}
 l - a scroll of fog {unknown}
 m - a scroll of random uselessness {unknown}
 n - a scroll of amnesia {unknown}
Potions
 d - a potion of might
 i - a potion of heal wounds
 o - a potion of haste {unknown}
Comestibles
 f - 3 rations


   Skills:
 + Level 2.9 Fighting
 + Level 2.8 Long Blades
 + Level 3.4 Dodging
 + Level 3.0 Shields


You had 4 spell levels left.
You didn't know any spells.
Your spell library was empty.

Dungeon Overview and Level Annotations

Branches:
Dungeon (3/15)

Altars:

Annotations:
D:3 Grinder


Innate Abilities, Weirdness & Mutations

You are too large for most types of armour.
You have claws for hands.
Your metabolism is lightning-fast.
You like to eat raw meat.
Your natural rate of healing is unusually fast.
You are covered in fur. (AC +1)
You have extremely tough skin. (AC +3)


Message History

Grinder hits you but does no damage. Grinder hits you!
* * * LOW HITPOINT WARNING * * *
You writhe in agony.
* * * LOW HITPOINT WARNING * * *
You can move again.
Unknown command.
You hit Grinder.
Grinder is heavily wounded.
You block Grinder's attack.
Grinder says, "Don't move a muscle."
Grinder gestures at you.
You shrug off the repeated paralysis!
Unknown command.
You hit Grinder.
Grinder is severely wounded.
Grinder hits you.
* * * LOW HITPOINT WARNING * * *
You writhe in agony.
You die...

..## #.....##.#
#...# ..#
#####.##.###.#.#
..#
#####..........#
###
#.....####...###
###.### #####
####.###)#
..(....()#
########(######.#
#5@.......
#.###..... #..
#.. #.# ... ###


You could see Grinder.

Vanquished Creatures
  Jessica (D:3)
  Robin (D:2)
  A gnoll (D:1)
  2 adders
  2 oozes
  3 worms
  2 dart slugs (D:1)
  A leopard gecko (D:3)
  3 orcs (D:3)
  A giant cockroach (D:3)
  11 goblins
  10 hobgoblins
  8 kobolds
  5 bats
  5 frilled lizards
  13 rats
69 creatures vanquished.

Notes
Turn   | Place    | Note
-------+----------+-------------------------------------------
     0 | D:1      | Peloso the Troll Fighter began the quest for the Orb.
     0 | D:1      | Reached XP level 1. HP: 22/22 MP: 0/0
    44 | D:1      | Reached XP level 2. HP: 17/29 MP: 1/1
   195 | D:1      | Reached XP level 3. HP: 36/36 MP: 2/2
   768 | D:2      | Noticed Robin
   783 | D:2      | Killed Robin
   810 | D:2      | Reached XP level 4. HP: 44/44 MP: 3/3
  1478 | D:3      | Noticed Jessica
  1492 | D:3      | Killed Jessica
  1492 | D:3      | Reached XP level 5. HP: 49/52 MP: 4/4
  1508 | D:3      | Noticed Grinder
  1524 | D:3      | Paralysed by Grinder for 4 turns
  1529 | D:3      | Slain by Grinder

Levels and vault maps discovered:
D:1:      onia_arrival_pentagram, layout_loops_ring, minmay_pentomino_t2
D:2:      layout_rooms, uniq_robin
D:3:      layout_basic, uniq_jessica, uniq_grinder

Skill      XL: |  1  2  3  4 |
---------------+-------------+-----
Long Blades    | 2 |  2.8
Dodging        | 3 |  3.4
Shields        | 3 |  3.0
Fighting       | |  2.9

Action                   |  1- 3 |  4- 6 || total
-------------------------+-------+-------++-------
Melee: Long sword        |   122 |   123 ||   245
  Use: Potion            |       |     2 ||     2
  Eat: Chunk             |     9 |     7 ||    16
Armor: Robe              |    63 |    52 ||   115
Dodge: Dodged            |    56 |    42 ||    98
Block: Shield            |   103 |    79 ||   182
       Rpst.: Long sword |     9 |    14 ||    23
